 Dungeon Crawl Stone Soup version 0.29.1-15-g9cfb28693d (webtiles) character file.

Game seed: 1507182346261543599

298 Descartes the Shield-Bearer (level 6, 0/49 HPs)
             Began as a Formicid Fighter on Apr 4, 2023.
             Slain by an orc
             ... wielding a +0 whip
              (4 damage)
             ... on level 4 of the Dungeon.
             The game lasted 00:04:09 (3394 turns).

Descartes the Shield-Bearer (Formicid Fighter)      Turns: 3394, Time: 00:04:09

Health: 0/49       AC:  5    Str: 22    XL:     6   Next: 63%
Magic:  0/0        EV:  9    Int:  8    God:
Gold:   91         SH:  9    Dex: 13    Spells: 5/5 levels left

rFire   + + .      SeeInvis +   a - +0 war axe
rCold   + . .      Faith    .   h - +0 kite shield {rPois}
rNeg    + . .      Spirit   .   m - +2 leather armour "Ebuw" {rF+ rC+ rN+ MP-9}
rPois   +          Reflect  .   (helmet unavailable)
rElec   .          Harm     .   (no cloak)
rCorr   .          Rampage  .   (no gloves)
Will    .....                   (no boots)
Stlth   +.........              (no amulet)
HPRegen 0.16/turn               e - ring of protection from fire
MPRegen 0.07/turn               (no ring)

@: no status effects
A: permanent stasis, dig shafts and tunnels, antennae 3, four strong arms
a: Dig, Shaft Self


You were on level 4 of the Dungeon.
You visited 1 branch of the dungeon, and saw 4 of its levels.

You collected 91 gold pieces.

Inventory:

Hand Weapons
 a - a +0 war axe (weapon)
Missiles
 i - a throwing net
 n - 6 poisoned darts
Armour
 b - a +0 scale mail
 h - a +0 kite shield of poison resistance (worn)
 m - the +2 leather armour "Ebuw" (worn) {rF+ rC+ rN+ MP-9}
   (You found it on level 2 of the Dungeon)

   rF:        It protects you from fire.
   rC:        It protects you from cold.
   rN:        It protects you from negative energy.
   MP:        It affects your magic capacity (-9).
Jewellery
 e - a ring of protection from fire (left hand)
Wands
 k - a wand of charming (1)
Scrolls
 c - 2 scrolls of torment {unknown}
 j - a scroll of immolation {unknown}
 l - a scroll of noise {unknown}
 o - a scroll of poison {unknown}
 p - a scroll of identify {unknown}
 q - a scroll of summoning {unknown}
 s - a scroll of amnesia {unknown}
 t - a scroll of fear {unknown}
 u - a scroll of butterflies {unknown}
Potions
 d - 4 potions of might
 f - 2 potions of heal wounds {unknown}
 g - 3 potions of curing {unknown}
 r - 3 potions of degeneration {unknown}


   Skills:
 + Level 4.4 Fighting
 + Level 3.4 Axes
 + Level 4.4 Armour
 + Level 5.4 Shields
 + Level 3.0 Earth Magic


You had 5 spell levels left.
You didn't know any spells.
Your spell library contained the following spells:

 Spells                   Type           Power      Damage    Failure   Level
 Magic Dart               Conj           0%         1d3       73%         1
 Call Imp                 Summ           0%         N/A       86%         2
 Gell's Gravitas          Tloc           0%         N/A       97%         3
 Lesser Beckoning         Tloc           0%         N/A       97%         3
 Mephitic Cloud           Conj/Pois/Air  0%         N/A       97%         3
 Teleport Other           Tloc           0%         N/A       97%         3


Dungeon Overview and Level Annotations

Branches:
Dungeon (4/15)
 Temple: D:4-7

Altars:
Fedhas
Xom


Innate Abilities, Weirdness & Mutations

You cannot be hasted, slowed, berserked, paralysed or teleported.
You can dig through walls and to a lower floor.
You have a pair of large antennae on your head. (SInv)
Your four strong arms can wield two-handed weapons with a shield.


Message History

You closely miss the orc. You hit the orc but do no damage.
You hear a distant slurping noise.
The orc barely misses you.
The orc wizard gestures at you while chanting.
The puff of flame hits you. You resist. You block the orc's attack.
The orc hits you with a +0 whip. The orc hits you with a +0 flail.
The orc wizard points at you and mumbles some strange words.
The magic dart hits you.
You hit the orc wizard but do no damage.
The orc wizard is severely wounded.
You hit the orc but do no damage. You hit the orc.
You kill the orc!
The orc hits you with a +0 whip.
* * * LOW HITPOINT WARNING * * *
The orc wizard closely misses you.
The howler monkey hits you but does no damage.
You closely miss the orc wizard.
The orc wizard is severely wounded.
You hit the orc but do no damage. You closely miss the howler monkey.
You block the orc's attack. You block the orc wizard's attack.
The howler monkey hits you.
* * * LOW HITPOINT WARNING * * *
The orc wizard hits you but does no damage.
The orc hits you with a +0 whip.
* * * LOW HITPOINT WARNING * * *
You slash the howler monkey!
The howler monkey is heavily wounded.
You barely miss the orc wizard. You hit the orc.
You block the howler monkey's attack. The howler monkey hits you.
* * * LOW HITPOINT WARNING * * *
You block the orc wizard's attack. The orc hits you but does no damage.
Unknown command.
You closely miss the howler monkey.
The howler monkey is heavily wounded.
You barely miss the orc. You barely miss the orc wizard.
You block the howler monkey's attack. You block the orc wizard's attack.
The orc misses you. The howler monkey closely misses you.
A gnoll comes into view. It is wielding a +0 halberd.
The orc hits you with a +0 whip.
You die...

#................###..
#.......#........#....
#............#....#
#............#....##
##................#
#...#..#..#....### ##.
#.....##..#....#
.....#o##.?...###.....
......o@.....## ......#
......h)...........#...#
.#....#.#........###....
##..g###.......>. ...
#.. .......... ##. {
.......... . .{.......
#. .....#.


You could see a howler monkey, an orc wizard (invisible), a gnoll and an orc.

Vanquished Creatures
  An orc priest (D:4)
  A hound (D:4)
  An iguana (D:4)
  Jessica (D:2)
  Natasha (thrice) (D:2)
  2 adders (D:2)
  3 worms
  A dart slug (D:2)
  7 orcs
  4 bats
  6 endoplasms
  5 giant cockroaches
  6 goblins
  4 hobgoblins
  11 jackals (D:1)
  A quokka (D:1)
  4 ball pythons
  7 frilled lizards
  4 kobolds
  4 rats
76 creatures vanquished.

Notes
Turn   | Place    | Note
-------+----------+-------------------------------------------
     0 | D:1      | Descartes the Formicid Fighter began the quest for the Orb.
     0 | D:1      | Reached XP level 1. HP: 18/18 MP: 1/1
    26 | D:1      | Reached XP level 2. HP: 23/24 MP: 2/2
    86 | D:1      | Reached skill level 1 in Earth Magic
   122 | D:1      | Reached XP level 3. HP: 29/29 MP: 3/3
   303 | D:1      | Found a faded altar of an unknown god.
  1168 | D:2      | Noticed Jessica
  1177 | D:2      | Killed Jessica
  1178 | D:2      | Reached XP level 4. HP: 12/37 MP: 4/4
  1402 | D:2      | Identified the +2 leather armour "Ebuw" {rF+ rC+ rN+ MP-9}
  1478 | D:2      | Noticed Natasha
  1485 | D:2      | Killed Natasha
  1486 | D:2      | Reached XP level 5. HP: 29/42 MP: 0/5
  1676 | D:2      | Noticed Natasha
  1683 | D:2      | Killed Natasha
  1991 | D:2      | Noticed Natasha
  2000 | D:2      | Killed Natasha
  2001 | D:2      | Reached skill level 5 in Shields
  2625 | D:3      | Found a blossoming altar of Fedhas.
  2626 | D:3      | Found a shimmering altar of Xom.
  2775 | D:3      | Reached XP level 6. HP: 47/48 MP: 0/6
  3394 | D:4      | Slain by an orc

Illustrated notes

Levels and vault maps discovered:
D:1:      psy_arrival_heroes, layout_loops_ring,
          hellmonk_ecumenical_altar_dog_temple, hangedman_glass_teeth,
          minmay_unequal
D:2:      layout_loops_corners, palyth_stone_intersect, serial_bayou_pond_e,
          minmay_cut_off, uniq_natasha, uniq_jessica
D:3:      layout_loops_ring, grunt_temple_overflow_open
D:4:      layout_cave_pools, nicolae_tso_besieged_by_evil, grunt_ministairs_4,
          uniq_robin

Skill      XL: |  1  2  3  4  5  6 |
---------------+-------------------+-----
Earth Magic    | 1 2 3 |  3.0
Fighting       | 4 |  4.4
Armour         | 4 |  4.4
Axes           | 3 |  3.4
Shields        | 5 |  5.4

Action                   |  1- 3 |  4- 6 || total
-------------------------+-------+-------++-------
Melee: War axe           |    75 |   130 ||   205
Armor: Scale mail        |    43 |     1 ||    44
       Leather armour    |       |    43 ||    43
Dodge: Dodged            |    53 |    56 ||   109
Block: Buckler           |    17 |       ||    17
       Kite shield       |    18 |    71 ||    89
